 Seeded DCSS version 0.30-a0-883-g5ad918d77d (webtiles) character file.

Game seed: 20230315 (custom seed)

20 a11behringer the Cudgeller (level 2, -1/39 HPs)
             Began as an Armataur Berserker on Mar 15, 2023.
             Was a Follower of Trog.
             Slain by Sigmund
             ... wielding a +4 scythe of protection
              (5 damage)
             ... on level 2 of the Dungeon.
             The game lasted 00:01:41 (369 turns).

a11behringer the Cudgeller (Armataur Berserker)      Turns: 369, Time: 00:01:42

Health: -1/39      AC:  6    Str: 22    XL:     2   Next: 58%
Magic:  2/2        EV:  9    Int:  7    God:    Trog [*.....]
Gold:   10         SH:  0    Dex:  9    Spells: 1/1 levels left

rFire   . . .      SeeInvis .    a - +0 mace
rCold   . . .      Faith    .    (no shield)
rNeg    . . .      Spirit   .    c - +0 ring mail
rPois   .          Reflect  .    (no helmet)
rElec   .          Roll     +    (no cloak)
rCorr   .                        (no gloves)
Will    .....                    (no barding) Stlth
                                 (no amulet)
HPRegen 0.26/turn                (no ring)
MPRegen 0.08/turn                (no ring)

@: berserking, very quick
A: large, rugged brown scales 3, deformed body, armoured tail, roll, long
tongue, awkward tongue
a: Renounce Religion, Berserk


You were on level 2 of the Dungeon.
You worshipped Trog.
Trog was aware of your devotion.
You visited 1 branch of the dungeon, and saw 2 of its levels.

You collected 10 gold pieces.

Inventory:

Hand Weapons
 a - a +0 mace (weapon)
Armour
 b - a +0 animal skin
 c - a +0 ring mail (worn)
Potions
 d - a potion of flight {unknown}


   Skills:
 + Level 2.9 Fighting
 * Level 3.1 Maces & Flails
 + Level 2.8 Armour
 + Level 1.6 Dodging


You had one spell level left.
You didn't know any spells.
Your spell library was empty.

Dungeon Overview and Level Annotations

Branches:
Dungeon (2/15)

Altars:

Annotations:
D:2 Sigmund


Innate Abilities, Weirdness & Mutations

You are completely covered in rugged brown scales. (AC +3, +7% HP)
Armour fits poorly on your strangely shaped body.
You have a long armoured tail.
You roll when moving toward enemies. (Rampage)
Your long tongue fully drains potion bottles. (2x potion effects)
Your tongue gives you trouble enunciating. (1.5x scroll delay)


Message History

You barely miss the rat.
The rat is severely wounded.
You barely miss the rat.
The rat is severely wounded.
The rat barely misses you. Sigmund barely misses you.
You closely miss the rat.
The rat is severely wounded.
The rat bites you.
You barely miss the rat.
The rat is severely wounded.
Sigmund barely misses you. The rat bites you but does no damage.
You closely miss the rat.
The rat is severely wounded.
The rat barely misses you.
You sock the rat!
You kill the rat!
Trog accepts your kill.
Sigmund hits you from afar with a +4 scythe of protection.
You barely miss the goblin. You closely miss the goblin.
Your tail-slap misses the goblin.
The goblin closely misses you.
Sigmund casts a spell.
Sigmund flickers and vanishes!
Deactivating autopickup; reactivate with Ctrl-A.
You barely miss the goblin.
Your tail-slap misses the goblin.
The goblin hits you but does no damage. Something hits you!
You closely miss the goblin.
Your tail-slap misses the goblin.
The goblin hits you but does no damage.
You closely miss the goblin. Something hits you!
The goblin hits you but does no damage.
You hit the goblin.
You kill the goblin!
Trog accepts your kill. Something hits you!
* * * LOW HITPOINT WARNING * * *
Things that are here:
a +0 dagger; a goblin corpse; a rat corpse You sock something!
You hit something. Something hits you.
You die...

.....# .....####
......# ........###
......# .....##...#
......# .....####.#####
.....)# ##............#
......# #............#
......#
#......^.....###......#
#..............@{.....#
#............##.......#
###############......#
#...... ...... ......
..... .....


There were no monsters in sight!

Vanquished Creatures
  2 dart slugs
  2 ball pythons (D:1)
  3 endoplasms
  2 giant cockroaches (D:1)
  2 goblins
  A quokka (D:1)
  A bat (D:1)
  A frilled lizard (D:2)
  A rat (D:2)
15 creatures vanquished.

Notes
Turn   | Place    | Note
-------+----------+-------------------------------------------
     0 | D:1      | a11behringer the Armataur Berserker began the quest for the
                  | Orb.
     0 | D:1      | Reached XP level 1. HP: 19/19 MP: 1/1
   155 | D:1      | Reached XP level 2. HP: 26/26 MP: 2/2
   169 | D:1      | Reached skill level 3 in Maces & Flails
   245 | D:1      | You fall into a shaft and drop 1 floor!
   348 | D:2      | Noticed Sigmund
   369 | D:2      | Slain by Sigmund

Illustrated notes

Levels and vault maps discovered:
D:1:      amcnicky_arrival_underground_garden, layout_loops_corners,
          corexii_item_surrounded_by_moat
D:2:      layout_basic, minmay_heptomino_d4, uniq_terence, uniq_sigmund

Skill      XL: |  1  2 |
---------------+-------+-----
Maces & Flails | 3 |  3.1
Fighting       | |  2.9
Armour         | |  2.8
Dodging        | |  1.6

Action                     || total
---------------------------++-------
  Melee: Mace              ||    36
         Tailslap          ||     1
 Invoke: Berserk           ||     1
 Armour: Animal skin       ||     2
         Ring mail         ||     5
  Dodge: Dodged            ||    13

Table legend: (Time is in decaauts)
 A = Elapsed time spent in this place.
 B = Non-inter-level travel time spent in this place.
 C = Inter-level travel time spent in this place.
 D = Time resting spent in this place.
 E = Time spent auto-exploring this place.
 F = Levels seen in this place.
 G = Mean time per level.
                   A        B        C        D        E       F      G
               +--------+--------+--------+--------+--------+-----+--------+
         Total |    372 |    330 |     42 |      0 |    252 |   2 |  186.0 |
       Dungeon |    372 |    330 |     42 |      0 |    252 |   2 |  186.0 |
               +--------+--------+--------+--------+--------+-----+--------+

Top non-repeatable levels by time:
     D:1: 249 daAuts
     D:2: 123 daAuts
